AoeStats
← MoatOfGoats

Lombardia

507371267Analyzed
2v2 RM · 29d ago on Sep 17, 2026· 79m 59s· 4 players
Game mode
Random Map
Map size
Medium (4 player)
Population
200
Speed
Normal
Resources
Standard
Victory
Conquest
Starting age
Dark Age
Ending age
Imperial Age
RankedLock teamsTeams togetherTeam positionsShared explorationLock speedFull tech treeHidden civsTurbo modeCheats
Victory
Defeat
🇺🇸 Poles · United States
1178
+14
🇺🇸 Vietnamese · United States
1161
+15
vs
🇦🇷 Lithuanians · Argentina
1142
-14
🇦🇷 Ethiopians · Argentina
1142
-15
ChinoR
9:52 Feudal Age
13:15 Double-Bit Axe
13:44 Loom
15:05 Horse Collar
15:49 Fletching
16:01 Padded Archer Armor
16:52 Forging
23:33 Castle Age
23:42 Crossbowman
24:27 Thumb Ring
24:36 Thumb Ring
24:29 Bodkin Arrow
24:49 Leather Archer Armor
27:29 Ballistics
29:58 Heavy Plow
30:09 Bow Saw
31:44 Wheelbarrow
35:23 Gold Mining
35:48 Town Watch
41:31 Hand Cart
44:13 Imperial Age
41:44 Town Patrol
45:37 Arbalester
47:25 Bracer
47:55 Ring Archer Armor
48:45 Chemistry
48:34 Gold Shaft Mining
48:56 Husbandry
48:17 Light Cavalry
49:09 Hussar
50:48 Ring Archer Armor
54:45 Scale Barding Armor
58:03 Elite Skirmisher
60:12 Caravan
60:25 Halberdier
61:06 Squires
MonoH
6:20 Loom
8:46 Feudal Age
15:47 Horse Collar
15:59 Double-Bit Axe
16:08 Horse Collar
24:49 Castle Age
23:13 Scale Barding Armor
23:41 Bloodlines
24:07 Forging
27:06 Iron Casting
27:24 Husbandry
27:30 Heavy Plow
32:59 Chain Barding Armor
33:39 Light Cavalry
40:04 Imperial Age
41:03 Cavalier
42:32 Plate Barding Armor
45:09 Bow Saw
45:37 Wheelbarrow
44:48 Town Watch
46:57 Fletching
48:33 Crop Rotation
48:29 Paladin
52:37 Conscription
54:43 Winged Hussar
56:58 Bodkin Arrow
58:22 Caravan
59:08 Gold Mining
59:09 Stone Mining
65:46 Pikeman
66:27 Squires
69:07 Scale Mail Armor
75:57 Halberdier
77:00 Chain Mail Armor
PillsburyHomeboy
6:39 Loom
9:06 Feudal Age
10:07 Double-Bit Axe
17:51 Fletching
20:41 Padded Archer Armor
25:29 Castle Age
23:56 Gold Mining
26:10 Bodkin Arrow
25:37 Crossbowman
28:06 Bow Saw
28:41 Leather Archer Armor
30:11 Ballistics
31:03 Thumb Ring
31:05 Stone Mining
37:18 Stone Shaft Mining
36:57 Elite Skirmisher
43:45 Imperial Age
43:50 Arbalester
44:31 Bracer
46:01 Chemistry
47:10 Wheelbarrow
47:19 Siege Engineers
48:06 Hand Cart
50:33 Elite Rattan Archer
53:10 Imperial Skirmisher
54:14 Caravan
64:42 Murder Holes
65:15 Fortified Wall
64:59 Town Watch
65:26 Elite Fire Lancer
66:36 Scale Mail Armor
67:07 Ring Archer Armor
68:21 Chain Mail Armor
68:17 Forging
68:36 Guilds
71:35 Squires
71:20 Arson
72:42 Paper Money
73:16 Hoardings
78:27 Two-Man Saw
MoatOfGoats
9:12 Feudal Age
10:38 Double-Bit Axe
13:50 Scale Barding Armor
16:33 Forging
17:28 Loom
22:06 Castle Age
20:55 Horse Collar
22:35 Gold Mining
24:15 Bow Saw
26:17 Chain Barding Armor
27:54 Bloodlines
30:41 Iron Casting
31:16 Wheelbarrow
30:51 Heavy Plow
31:28 Husbandry
33:33 Hand Cart
43:45 Imperial Age
44:02 Szlachta Privileges
43:55 Cavalier
45:37 Blast Furnace
45:24 Conscription
45:52 Hoardings
44:48 Light Cavalry
46:44 Hoardings
45:48 Winged Hussar
50:42 Stone Mining
54:02 Caravan
61:28 Scale Mail Armor
72:01 Elite Obuch
73:04 Lechitic Legacy
78:05 Masonry
77:52 Murder Holes
78:13 Siege Engineers
Connection lost

Rejoining the realm…

Still unreachable

The connection could not be restored.

Session expired

The server has moved on; the page needs a fresh start.